 Dungeon Crawl Stone Soup version 0.31.0-11-ge490571c62 (webtiles) character file.

Game seed: 7239119157506701401

1442327 gosagan the Slayer (level 25, 226/243 HPs)
             Began as a White Draconian Conjurer on Jan 31, 2024.
             Was the Champion of Vehumet.
             Escaped with the Orb
             ... and 3 runes on Feb 1, 2024!
             The game lasted 05:51:31 (88941 turns).

gosagan the Slayer (White Draconian Conjurer)      Turns: 88941, Time: 05:51:32

Health: 226/243    AC: 17    Str: 14    XL:     25   Next: 2%
Magic:  44/44      EV: 18    Int: 33    God:    Vehumet [******]
Gold:   2459       SH: 10    Dex: 18    Spells: 3/50 levels left

rFire   + . .        T - staff of air
rCold   . . .        e - +3 buckler "Nojut" {^Contam Int+2 Dex+3}
rNeg    . . .        (body armour unavailable)
rPois   .            (helmet restricted)
rElec   +            N - scarf {repulsion}
rCorr   .            x - +2 pair of gloves
SInv    +            W - +1 pair of boots {Fly}
Will    ++...        m - amulet "Ofanlooh" {RegenMP rC- Will+ Regen+ Stlth+}
Stlth   ++           p - ring of protection from fire
HPRegen 1.40/turn    Z - ring of Hottih {Int+6 SInv}
MPRegen 0.69/turn

%: repel missiles
@: mildly poisoned (226 -> 219), flying
A: breathe frost, AC +12, unfitting armour, cold resistance 1, cold-blooded,
fangs 1, talons 1, agile 1, high MP 1, strong 1
0: Orb of Zot
}: 3/15 runes: barnacled, silver, gossamer
a: Breathe Frost, Renounce Religion


You escaped.
You worshipped Vehumet.
Vehumet was exalted by your worship.
You visited 9 branches of the dungeon, and saw 47 of its levels.
You also visited: Sewer and Wizlab.

You collected 4967 gold pieces.
You spent 2508 gold pieces at shops.

Inventory:

Missiles
 t - 25 poisoned darts
Armour
 e - the +3 buckler "Nojut" (worn) {^Contam Int+2 Dex+3}
   (You found it on level 3 of the Realm of Zot)

   Int+2:     It affects your intelligence (+2).
   Dex+3:     It affects your dexterity (+3).
   ^Contam:   It causes magical contamination when unequipped.
 x - a +2 pair of gloves (worn)
 N - a scarf of repulsion (worn)
 U - a +2 kite shield of reflection
 W - a +1 pair of boots of flying (worn)
Magical Staves
 l - a staff of conjuration
 G - a staff of cold
 T - a staff of air (weapon)
Jewellery
 a - the amulet of the Stag {RegenMP rCorr Str+5}
   (You found it on level 4 of the Shoals)

   [amulet of magic regeneration]

   RegenMP:   It increases your rate of magic regeneration.
   Str+5:     It affects your strength (+5).
   rCorr:     It protects you from acid and corrosion.
 g - the ring of Attitude {Wiz +Blink Int+3}
   (You took it off a tengu reaver on level 3 of the Depths)

   [ring of wizardry]

   Wiz:       It improves your spell success rate.
   Int+3:     It affects your intelligence (+3).
   +Blink:    It lets you blink.
 m - the amulet "Ofanlooh" (around neck) {RegenMP rC- Will+ Regen+ Stlth+}
   (You acquired it on level 1 of the Shoals)

   [amulet of magic regeneration]

   RegenMP:   It increases your rate of magic regeneration.
   rC-:       It makes you vulnerable to cold.
   Will+:     It increases your willpower.
   Regen+:    It increases your rate of health regeneration.
   Stlth+:    It makes you more stealthy.
 p - a ring of protection from fire (left hand)
 u - the dreamdust necklace {Acrobat}
   (You found it on level 5 of the Lair of Beasts)

   [amulet of the acrobat]

   Acrobat:   It increases your evasion while moving and waiting.
 F - the ring of the Hurting Pariah {AC+4 Slay+2}
   (You bought it in a shop on level 1 of the Dungeon)

   [ring of protection]

   AC+4:      It affects your AC (+4).
   Slay+2:    It affects your accuracy & damage with ranged weapons and melee
   (+2).
 O - the ring "Dazxel" {MP+9 EV+5 Dex+3 Slay-3 Stlth+}
   (You acquired it on level 3 of the Spider Nest)

   [ring of evasion]

   EV+5:      It affects your evasion (+5).
   Dex+3:     It affects your dexterity (+3).
   Slay-3:    It affects your accuracy & damage with ranged weapons and melee
   (-3).
   MP+9:      It affects your magic capacity (+9).
   Stlth+:    It makes you more stealthy.
 Y - a ring of wizardry
 Z - the ring of Hottih (right hand) {Int+6 SInv}
   (You found it on level 5 of the Lair of Beasts)

   [ring of intelligence]

   Int+6:     It affects your intelligence (+6).
   SInv:      It lets you see invisible.
Wands
 c - a wand of mindburst (10)
 w - a wand of acid (11)
 J - a wand of flame (39)
 L - a wand of digging (21)
 Q - a wand of paralysis (13)
Scrolls
 b - 9 scrolls of immolation
 h - 9 scrolls of fog
 q - 4 scrolls of fear
 r - 8 scrolls of teleportation
 y - 8 scrolls of vulnerability
 B - 3 scrolls of blinking
 E - 3 scrolls of amnesia
 H - a scroll of enchant armour
 S - 3 scrolls of butterflies
 V - 6 scrolls of poison
 X - 20 scrolls of identify
Potions
 d - 4 potions of brilliance
 f - 19 potions of curing
 i - 5 potions of attraction
 j - 2 potions of mutation
 k - 2 potions of berserk rage
 n - 4 potions of haste
 o - 5 potions of cancellation
 z - 5 potions of lignification
 C - 4 potions of enlightenment
 I - a potion of heal wounds
 K - 2 potions of ambrosia
 M - 4 potions of resistance
 R - 4 potions of invisibility
Miscellaneous
 s - a condenser vane
 A - a sack of spiders
 P - a phantom mirror


   Skills:
 + Level 23.4 Fighting
 - Level 10.0 Dodging
 - Level 8.0 Stealth
 - Level 12.0 Shields
 - Level 13.0 Spellcasting
 - Level 21.7 Conjurations
 - Level 5.6 Translocations
 - Level 7.0 Fire Magic
 - Level 15.0 Ice Magic
 - Level 21.7 Air Magic
 - Level 10.0 Alchemy
 - Level 4.0 Evocations


You had 3 spell levels left.
You knew the following spells:

 Your Spells              Type           Power      Damage    Failure   Level
a - Magic Dart            Conj           100%       1d8       0%          1
b - Searing Ray           Conj           100%       2d8       0%          2
c - Chain Lightning       Conj/Air       64%        3d85      10%         9
d - Iskenderun's Mystic   Conj/Tloc      84%        2d17      1%          4
e - Ignite Poison         Fire/Alch      67%        N/A       1%          4
f - Olgreb's Toxic Radia  Alch           72%        N/A       1%          4
g - Irradiate             Conj/Alch      45%        3d26      1%          5
h - Ozocubu's Refrigerat  Ice            44%        4d17      1%          7
i - Maxwell's Capacitive  Air            64%        ∞         1%          8
j - Swiftness             Air            100%       N/A       0%          3

Your spell library contained the following spells:

 Spells                   Type           Power      Damage    Failure   Level
 Ignition                 Fire           30%        3d10      89%         8
 Shock                    Conj/Air       100%       1d9       0%          1
 Sting                    Conj/Alch      100%       1d9       0%          1
 Mercury Vapours          Alch/Air       100%       N/A       0%          2
 Momentum Strike          Conj/Tloc      100%       3d10      0%          2
 Frozen Ramparts          Ice            100%       1d16      0%          3
 Hailstorm                Conj/Ice       97%        3d15      0%          3
 Mephitic Cloud           Conj/Alch/Air  100%       N/A       0%          3
 Ozocubu's Armour         Ice            88%        N/A       0%          3
 Apportation              Tloc           100%       N/A       1%          1
 Ensorcelled Hibernation  Hex/Ice        100%       N/A       1%          2
 Lesser Beckoning         Tloc           100%       N/A       1%          2
 Dazzling Flash           Conj/Hex       100%       N/A       1%          3
 Gell's Gravitas          Tloc           55%        N/A       1%          3
 Summon Ice Beast         Ice/Summ       63%        N/A       1%          3
 Teleport Other           Tloc           55%        N/A       1%          3
 Summon Small Mammal      Summ           84%        N/A       2%          1
 Call Imp                 Summ           42%        N/A       3%          2
 Jinxbite                 Hex            42%        N/A       3%          2
 Sublimation of Blood     Necr           21%        N/A       3%          2
 Call Canine Familiar     Summ           21%        N/A       8%          3
 Confusing Touch          Hex            21%        N/A       8%          3
 Fugue of the Fallen      Necr           21%        N/A       8%          3
 Tukima's Dance           Hex            21%        N/A       8%          3
 Airstrike                Air            64%        2d(10-26) 0%          4
 Arcjolt                  Conj/Air       64%        1d74      0%          5
 Iskenderun's Battlesphe  Conj           100%       2d15      0%          5
 Brom's Barrelling Bould  Conj/Erth      75%        2d9       1%          4
 Flame Wave               Conj/Fire      86%        2d18      1%          4
 Fulminant Prism          Conj/Alch      45%        3d20      1%          4
 Vhi's Electric Charge    Tloc/Air       100%       N/A       1%          4
 Alistair's Intoxication  Alch           48%        N/A       1%          5
 Fireball                 Conj/Fire      43%        3d17      1%          5
 Bombard                  Conj/Erth      37%        9d7       1%          6
 Conjure Ball Lightning   Conj/Air       64%        3x3d23    1%          6
 Plasma Beam              Fire/Air       54%        2x1d69    1%          6
 Starburst                Conj/Fire      43%        6d12      1%          6
 Orb of Destruction       Conj           52%        9d13      1%          7
 Manifold Assault         Tloc           55%        N/A       2%          4
 Yara's Violent Unravell  Hex/Alch       26%        3d11      2%          5
 Sculpt Simulacrum        Ice/Alch       40%        N/A       2%          6
 Leda's Liquefaction      Alch/Erth      26%        N/A       3%          4
 Petrify                  Alch/Erth      53%        N/A       3%          4
 Metabolic Englaciation   Hex/Ice        31%        N/A       3%          5
 Summon Blazeheart Golem  Fire/Summ      44%        N/A       6%          4
 Dimensional Bullseye     Hex/Tloc       19%        N/A       8%          4
 Lee's Rapid Deconstruct  Erth           10%        3d8*      17%         5
 Summon Forest            Summ/Tloc      19%        N/A       22%         5
 Animate Dead             Necr           21%        N/A       24%         4
 Dispersal                Tloc           27%        N/A       36%         6
 Summon Mana Viper        Hex/Summ       21%        N/A       56%         5
 Summon Cactus Giant      Summ           10%        N/A       98%         6
 Haunt                    Necr/Summ      10%        N/A       100%        7
 Monstrous Menagerie      Summ           10%        N/A       100%        7
 Summon Hydra             Summ           10%        N/A       100%        7
 Discord                  Hex            10%        N/A       100%        8
 Disjunction              Tloc           27%        N/A       100%        8
 Infestation              Necr           10%        N/A       100%        8


Dungeon Overview and Level Annotations

Branches:
Dungeon (15/15)            Temple (0/1) D:7            Lair (5/5) D:10
 Shoals (4/4) Lair:2       Spider (4/4) Lair:2        Slime (0/5) Lair:5
    Orc (2/2) D:10            Elf (3/3) Orc:2        Vaults (5/5) D:13
  Crypt (0/3) Vaults:2     Depths (4/4) D:15            Zot (5/5) Depths:4
  Sewer (visited)          WizLab (visited)

Altars:
Cheibriados
Elyvilon
Gozag
Makhleb
Ru
Sif Muna
Trog
Vehumet
Wu Jian
Yredelemnul
Zin
The Shining One
Jiyva

Shops:
D:1 *   D:6 !=   Orc:2 =[?[   Elf:2 =   Vaults:1 (   Depths:1 [[[(

Portals:
Hell: Depths:1 Depths:2 Depths:3 Depths:4
Abyss: Depths:1 Depths:3
Pandemonium: Depths:1 Depths:2
Ziggurat: Depths:3

Annotations:
D:3 1 transporter, AbbaRin's ghost, amateur TeCj
Shoals:1 exclusion: 2 ice statues
Elf:2 3 runed translucent doors
Vaults:2 3 runed translucent doors


Innate Abilities, Weirdness & Mutations

You can breathe waves of freezing cold which knock back foes.
Your icy white scales are hard. (AC +12)
You cannot fit into any form of body armour.
Your flesh is cold resistant. (rC+)
You are cold-blooded and may be slowed by cold attacks.
You have very sharp teeth.
You have sharp toenails.
You are agile. (Dex +4, Str/Int -1)
You have an increased reservoir of magic. (+10% MP)
Your muscles are strong. (Str +4, Int/Dex -1)


Message History

HP restored.
Things that are here:
a +1 whip of holy wrath; a +0 robe Magic restored.
There is a stone staircase leading down here.
There is a stone staircase leading up here.
You fly upwards.
There is a stone staircase leading down, spattered with blood here.
There is an escape hatch in the ceiling here.
A mysterious force pulls you upwards. The hatch slams shut behind you.
Things that are here:
a +0 ring mail; a +0 flail
Things that are here:
a +0 leather armour; a +0 hand axe of distortion
There is an open door here.
Things that are here:
a +0 club; 2 stones; a +0 club
There is a stone staircase leading up here.
You fly upwards.
Level annotation: 1 transporter, AbbaRin's ghost, amateur TeCj
There is a stone staircase leading down here.
There is a stone staircase leading up here.
You fly upwards.
There is a stone staircase leading down here.
There is a stone staircase leading up here.
You fly upwards.
There is a stone staircase leading down here.
You see here a +0 dagger.
You see here a +0 dagger.
A green death comes into view.
The green death gestures at you. The blast of poison engulfs you.
You are poisoned.
You are engulfed in poison gas.
You are more poisoned.
You feel extremely sick.
You feel very sick.
There is a staircase leading out of the dungeon here.
You feel very sick.
You have escaped!

#.# #..........................
#.# #.............########.....
#.# #.............# #.....
#)####............### #.....
#.##......##...#....#######....
###.##...........................
.........#######################.
###...#### #........[########.
###.#.# #####.@2...............
#...#.# #>..'°°°.....#########.
..###.#########.○○.○...## #....
### #........##°....#...## #....
########.##°°..###...## #....
#.####.## ##...####.## #.# #.#
##...###.# #.####.# ##...##.#
#......# ##.....#


You could see a green death.

Vanquished Creatures
  3 orbs of fire
  7 dread liches
  2 ancient liches (Zot:5)
  Xtahua (Vaults:3)
  Josephina (Depths:2)
  A caustic shrike (Depths:2)
  3 Killer Klowns (Zot:5)
  A curse toe (Zot:5)
  7 golden dragons
  Norris (Elf:2)
  Nikola (Spider:4)
  2 electric golems (Zot:5)
  An Ice Fiend (D:14)
  Zenata (Vaults:1)
  9 tentacled monstrosities
  2 walking earthen tomes
  Mlioglotl (Spider:3)
  Asterion (Vaults:1)
  A lich (Depths:2)
  23 Orb Guardians
  6 quicksilver dragons
  4 titans
  3 deep elf master archers (Elf:3)
  3 sphinxes
  Polyphemus (Shoals:3)
  6 death cobs
  2 ancient champions (WizLab)
  10 shadow dragons
  6 tengu reavers
  6 storm dragons
  Frances (Shoals:1)
  Kirke (Shoals:1)
  A revenant (WizLab)
  Donald (Spider:2)
  4 protean progenitors
  17 vault wardens
  8 frost giants
  A draconian knight (Zot:5)
  5 draconian monks
  4 fire giants
  9 ghost moths
  5 emperor scorpions (Spider:4)
  2 draconian scorchers
  5 deep elf sorcerers
  5 deep elf elementalists (Elf:3)
  A draconian shifter (Depths:4)
  2 spectral caustic shrikes (WizLab)
  A cacodemon (Zot:2)
  5 draconian annihilators
  4 orc warlords
  An angel (D:6)
  2 demonspawn blood saints (Zot:3)
  A broodmother (Spider:2)
  A draconian stormcaller (Zot:4)
  11 very ugly things
  6 ironbound thunderhulks
  A formless jellyfish (Vaults:1)
  A reaper (Depths:2)
  27 ironbound preservers
  A spriggan defender (Depths:3)
  15 stone giants
  6 black draconians
  A vampire knight (Depths:2)
  3 purple draconians
  3 deep elf demonologists
  5 green draconians
  2 deep elf annihilators (Elf:3)
  2 spark wasps (Depths:2)
  4 dire elephants (Vaults:1)
  10 white draconians
  A spectral titan (WizLab)
  4 war gargoyles
  2 halazid warlocks (WizLab)
  8 deep elf death magi
  9 red draconians
  3 yellow draconians (Zot:5)
  2 blizzard demons
  5 jiangshi
  An eidolon (WizLab)
  2 spectral quicksilver dragons (WizLab)
  4 merfolk javelineers
  9 ettins
  2 quicksilver dragon zombies (WizLab)
  6 deep elf high priests
  7 entropy weavers
  9 ice dragons
  36 vault guards
  10 merfolk impalers
  11 fire dragons
  5 hydras
  2 rakshasas
  2 jorogumos
  4 great orbs of eyes
  11 yaktaur captains
  A catoblepas (Shoals:3)
  2 peacekeepers (Vaults:4)
  2 spriggan air magi
  A caustic shrike simulacrum (Depths:2)
  An ogre mage (Vaults:5)
  An alligator (Shoals:2)
  4 radroaches
  A hell beast (Depths:2)
  10 centaur warriors
  2 alligator snapping turtles (Shoals:2)
  3 merfolk avatars
  9 ironbound frosthearts
  11 boulder beetles
  24 dancing weapons
  4 merfolk aquamancers
  5 death yaks
  11 two-headed ogres
  11 deep troll shamans
  2 sphinx skeletons (Depths:2)
  2 orc high priests
  5 tengu warriors
  4 hell hogs (Depths:3)
  5 deep troll earth magi
  4 vampire magi
  2 titan zombies (WizLab)
  6 demonic crawlers
  An occultist (Depths:1)
  2 hell knights
  2 spriggan berserkers
  10 deep elf knights
  A sun demon (Zot:3)
  4 skeletal warriors
  7 iron trolls
  A deep troll (shapeshifter) (Depths:3)
  A death drake (Depths:4)
  8 pharaoh ants
  10 skysharks
  8 large abominations (Depths:3)
  2 sixfirhies
  A skyshark (shapeshifter) (Vaults:5)
  6 orb spiders
  12 sea snakes
  6 flayed ghosts
  91 deep trolls
  4 arcanists
  15 deep elf archers
  A mana viper (shapeshifter) (Depths:3)
  2 glowing orange brains
  A sun moth (Spider:4)
  24 orc knights
  30 ironbound convokers
  A snapping turtle (shapeshifter) (Vaults:5)
  4 phantasmal warriors
  4 necromancers
  A steelbarb worm (shapeshifter) (Depths:3)
  8 lindwurms
  6 steelbarb worms
  31 deep elf pyromancers
  29 deep elf zephyrmancers
  29 harpies
  25 wolf spiders
  A spectral wolf spider (WizLab)
  3 orc sorcerers
  16 ugly things
  10 fauns
  5 cyclopes
  12 meliai
  16 moths of wrath
  13 manticores
  A meliai (shapeshifter) (Elf:1)
  3 merfolk sirens
  An elephant (Lair:5)
  5 kobold blastminers (Orc:2)
  8 torpor snails
  5 black mambas
  9 vault sentinels
  7 water nymphs
  A salamander (shapeshifter) (Vaults:5)
  A smoke demon (Depths:2)
  8 cane toads
  2 gargoyles
  An unseen horror (Depths:3)
  A storm dragon simulacrum (Depths:2)
  A freezing wraith (D:15)
  8 komodo dragons
  25 yaktaurs
  A kobold demonologist (D:11)
  6 rime drakes
  An efreet (D:13)
  A tormentor (Zot:3)
  2 spectral harpies (WizLab)
  2 tengu conjurers (D:15)
  10 trolls
  A hellwing (Depths:2)
  A harpy zombie (WizLab)
  3 hornets (Lair:5)
  2 tyrant leeches (Zot:5)
  A polar bear (shapeshifter) (D:13)
  21 merfolk
  Grinder (D:6)
  11 wind drakes
  10 saltlings (Orc:2)
  4 polar bears
  2 glass eyes
  30 tarantellas
  12 blink frogs
  Prince Ribbit (D:5)
  16 snapping turtles
  4 dream sheep (Shoals:4)
  24 jumping spiders
  27 slime creatures
  2 slime creatures (shapeshifter)
  A ynoxinul (Zot:3)
  4 air elementals
  20 water elementals
  5 wyverns
  6 vampires
  23 culicivoras
  A shadow (D:11)
  6 wraiths
  39 yaks
  Eustachio (D:6)
  3 fire elementals
  A yak (shapeshifter) (Depths:3)
  5 basilisks
  A fire bat (shapeshifter) (D:14)
  2 hogs (Shoals:1)
  2 vampire mosquitoes
  62 redbacks
  2 steam dragons
  2 wargs (Orc:2)
  2 chaos spawn (Depths:3)
  2 spriggan simulacra (Depths:2)
  Menkaure (D:7)
  13 water moccasins
  9 ice beasts
  An ice beast (shapeshifter) (D:15)
  2 sky beasts (D:7)
  4 black bears
  An ettin simulacrum (Depths:2)
  13 orc warriors
  4 laughing skulls (WizLab)
  9 wolves
  4 ogres
  5 boggarts (Vaults:3)
  2 phantoms (D:6)
  20 centaurs
  14 bullfrogs
  2 kobold brigands (D:8)
  An earth elemental (Elf:1)
  3 gnoll sergeants
  3 scorpions (D:6)
  4 small abominations (Depths:3)
  4 wights (D:6)
  2 killer bees
  2 electric eels
  2 bombardier beetles
  9 howler monkeys
  3 gnoll boudas
  4 hounds
  17 jellies
  17 orc priests
  2 iguanas
  Natasha (thrice) (D:3)
  23 orc wizards
  17 gnolls
  13 adders
  A shadow imp (D:5)
  2 white imps
  6 dart slugs
  5 ribbon worms
  78 orcs
  5 bats
  7 endoplasms
  15 giant cockroaches
  4 hobgoblins
  4 jackals (D:4)
  7 quokkas
  5 ball pythons
  13 frilled lizards
  6 goblins
  15 kobolds
  5 rats
  3 aspiring fleshes (Zot:5)
  2 starspawn tentacles (Spider:3)
1942 creatures vanquished.

Vanquished Creatures (others)
  A fire giant (Depths:3)
  A golden dragon simulacrum (Depths:2)
  A tarantella (Spider:4)
  A fire giant simulacrum (Depths:2)
  A human (Shoals:1)
  143 fulminant prisms
  A starspawn tentacle (Spider:3)
149 creatures vanquished.

Grand Total: 2091 creatures vanquished

Notes
Turn   | Place    | Note
-------+----------+-------------------------------------------
     0 | D:1      | gosagan the Draconian Conjurer began the quest for the Orb.
     0 | D:1      | Reached XP level 1. HP: 14/14 MP: 3/3
   243 | D:1      | Found Cewejo's Assorted Antiques.
   385 | D:1      | Reached XP level 2. HP: 20/20 MP: 3/5
   756 | D:2      | Learned a level 2 spell: Searing Ray
  1021 | D:2      | Reached skill level 5 in Conjurations
  1021 | D:2      | Reached XP level 3. HP: 26/26 MP: 0/6
  1706 | D:3      | Noticed Natasha
  1708 | D:3      | Killed Natasha
  1709 | D:3      | Reached XP level 4. HP: 33/33 MP: 3/8
  1817 | D:3      | Reached skill level 1 in Alchemy
  1884 | D:3      | Noticed AbbaRin's ghost (amateur TeCj)
  1892 | D:3      | Found a transporter.
  1977 | D:3      | Noticed Natasha
  1986 | D:3      | Killed Natasha
  1987 | D:3      | Reached XP level 5. HP: 30/38 MP: 4/9
  2015 | D:3      | Noticed Natasha
  2019 | D:3      | Killed Natasha
  2071 | D:3      | Learned a level 4 spell: Fulminant Prism
  2382 | D:3      | Found an opulent altar of Gozag.
  2382 | D:3      | Found a sacrificial altar of Ru.
  2384 | D:3      | Found a radiant altar of Vehumet.
  2384 | D:3      | Found a white marble altar of Elyvilon.
  2384 | D:3      | Found a burning altar of Makhleb.
  2462 | D:3      | Became a worshipper of Vehumet
  2925 | D:3      | Reached XP level 6. HP: 45/45 MP: 4/10
  3480 | D:4      | Reached skill level 5 in Alchemy
  3881 | D:4      | Found a bloodstained altar of Trog.
  3885 | D:4      | Found a shimmering blue altar of Sif Muna.
  4542 | D:4      | Your scales start taking on an icy white colour.
  4542 | D:4      | Reached XP level 7. HP: 50/50 MP: 4/11
  4542 | D:4      | Gained mutation: Your flesh is cold resistant. (rC+) [White
                  | Draconian growth]
  4711 | D:4      | Found a radiant altar of Vehumet.
  4852 | D:5      | Entered Level 5 of the Dungeon
  4990 | D:5      | Found a glowing golden altar of the Shining One.
  5028 | D:5      | Found a glowing silver altar of Zin.
  5028 | D:5      | Found a basalt altar of Yredelemnul.
  5028 | D:5      | Found an ornate altar of the Wu Jian Council.
  5367 | D:5      | Reached * piety under Vehumet
  5367 | D:5      | Offered knowledge of Shock by Vehumet.
  6202 | D:6      | Found Paanuu's Jewellery Shop.
  6277 | D:6      | Reached XP level 8. HP: 51/57 MP: 4/12
  6374 | D:6      | Found a glowing drain.
  6410 | Sewer    | Entered a sewer
  6736 | Sewer    | Reached ** piety under Vehumet
  6736 | Sewer    | Offered knowledge of Freeze by Vehumet.
  7158 | D:6      | Noticed Grinder
  7167 | D:6      | Killed Grinder
  7168 | D:6      | Reached skill level 2 in Fighting
  7276 | D:6      | Noticed Eustachio
  7291 | D:6      | Killed Eustachio
  7292 | D:6      | Reached skill level 3 in Fighting
  7395 | D:6      | Found Bathisch's Distillery.
  7396 | D:6      | Noticed Prince Ribbit
  7460 | D:6      | Learned a level 4 spell: Iskenderun's Mystic Blast
  7691 | D:5      | Killed Prince Ribbit
  7909 | D:1      | Bought a pitted tin ring for 80 gold pieces
  7909 | D:1      | Identified the ring of the Hurting Pariah {AC+4 Slay+2}
                  | (You bought it in a shop on level 1 of the Dungeon)
  8053 | D:6      | Reached XP level 9. HP: 66/69 MP: 10/15
  8136 | D:6      | Noticed a troll
  8466 | D:6      | Killed a troll
  8467 | D:6      | Reached skill level 5 in Translocations
  8865 | D:7      | Noticed Menkaure
  8883 | D:7      | Killed Menkaure
  8884 | D:7      | Reached skill level 1 in Shields
  9085 | D:7      | Found a staircase to the Ecumenical Temple.
  9230 | D:7      | Offered knowledge of Mephitic Cloud by Vehumet.
  9237 | D:7      | Reached skill level 4 in Fighting
  9404 | D:7      | Reached *** piety under Vehumet
 10056 | D:7      | Reached skill level 5 in Spellcasting
 10069 | D:7      | Reached skill level 1 in Evocations
 10319 | D:8      | Offered knowledge of Ignite Poison by Vehumet.
 10320 | D:8      | Reached XP level 10. HP: 80/80 MP: 6/17
 10324 | D:8      | Reached skill level 5 in Fighting
 10694 | D:8      | Reached skill level 6 in Fighting
 10996 | D:8      | Noticed a two-headed ogre
 11011 | D:8      | Killed a two-headed ogre
 11012 | D:8      | Reached skill level 7 in Fighting
 11170 | D:8      | Learned a level 4 spell: Ignite Poison
 11175 | D:8      | Learned a level 4 spell: Olgreb's Toxic Radiance
 11720 | D:9      | Reached skill level 1 in Fire Magic
 12278 | D:9      | Reached **** piety under Vehumet
 12448 | D:9      | Offered knowledge of Flame Wave by Vehumet.
 12670 | D:10     | Entered Level 10 of the Dungeon
 13159 | D:10     | Reached XP level 11. HP: 80/92 MP: 6/20
 13357 | D:10     | Found a staircase to the Lair.
 13974 | D:10     | Found a staircase to the Orcish Mines.
 14296 | D:10     | Noticed an orc knight
 14296 | D:10     | Noticed an orc knight
 14298 | D:10     | Noticed a two-headed ogre
 14300 | D:10     | Reached skill level 8 in Fighting
 14528 | D:10     | Killed a two-headed ogre
 14609 | D:10     | Killed an orc knight
 14610 | D:10     | Reached skill level 5 in Dodging
 14686 | D:10     | Killed an orc knight
 14686 | D:10     | Reached ***** piety under Vehumet
 14686 | D:10     | Offered knowledge of Lee's Rapid Deconstruction by Vehumet.
 14871 | Lair:1   | Entered Level 1 of the Lair of Beasts
 14921 | Lair:1   | Reached skill level 9 in Fighting
 15230 | Lair:1   | Reached skill level 5 in Shields
 15477 | Lair:1   | Reached skill level 10 in Fighting
 16781 | Lair:2   | Reached XP level 12. HP: 106/106 MP: 22/22
 17082 | Lair:2   | Found a staircase to the Shoals.
 17215 | Lair:2   | You fall into a shaft and drop 1 floor!
 18169 | Lair:2   | Found a hole to the Spider Nest.
 18392 | Lair:3   | Reached skill level 5 in Stealth
 18439 | Lair:3   | Found a snail-covered altar of Cheibriados.
 18567 | Lair:3   | Noticed a four-headed hydra
 18709 | Lair:3   | Killed a four-headed hydra
 19466 | Lair:4   | Identified the +3 trident of Turmoil {pain, rN+++ rCorr
                  | Str-4 Int+3}
 19833 | Lair:4   | Reached skill level 10 in Conjurations
 20099 | Lair:4   | Reached XP level 13. HP: 113/113 MP: 19/25
 20659 | Lair:4   | Reached skill level 5 in Fire Magic
 21221 | Lair:5   | Entered Level 5 of the Lair of Beasts
 21766 | Lair:5   | Found a staircase to the Slime Pits.
 21767 | Lair:5   | Found a viscous altar of Jiyva.
 22413 | Lair:5   | Offered knowledge of Starburst by Vehumet.
 22463 | Lair:4   | Learned a level 6 spell: Starburst
 23735 | Lair:5   | Found the dreamshard necklace {Acrobat *Dream}
 23852 | Lair:5   | Identified the ring of Hottih {Int+6 SInv}
 23862 | Lair:5   | Identified the +2 trident of the Special Shrikes {spect,
                  | rF- Will+ Str+2}
 24395 | Orc:1    | Entered Level 1 of the Orcish Mines
 24644 | Orc:2    | Entered Level 2 of the Orcish Mines
 25579 | Orc:2    | Found a staircase to the Elven Halls.
 25670 | Orc:2    | Reached XP level 14. HP: 122/122 MP: 16/26
 26311 | Orc:2    | Found Koxin's Magic Scroll Shoppe.
 26311 | Orc:2    | Noticed an orc warlord
 26319 | Orc:2    | Offered knowledge of Plasma Beam by Vehumet.
 26321 | Orc:2    | Killed an orc warlord
 26655 | Orc:2    | Reached skill level 11 in Fighting
 27368 | Orc:2    | Found Tupon's Antique Armour Shoppe.
 27370 | Orc:2    | Found Peoth's Jewellery Shoppe.
 27380 | Orc:2    | Bought a ring of poison resistance for 300 gold pieces
 27397 | Orc:2    | Found Riwext's Armour Boutique.
 27448 | Orc:2    | Bought a scroll of acquirement for 728 gold pieces
 27448 | Orc:2    | Acquired Vehumet's Excursus on Fateful Impulse
 27460 | Orc:2    | Learned a level 5 spell: Irradiate
 27919 | D:11     | Reached skill level 10 in Shields
 28991 | D:12     | Found the +2 ratskin cloak {*Rats rPois rN+ Str-1 Int-1
                  | Dex+1}
 29241 | D:12     | Found the +7 staff of the Meek {protect, meekguard}
 30085 | D:12     | Reached skill level 12 in Fighting
 31177 | D:13     | Reached skill level 10 in Alchemy
 31556 | D:13     | Found a gate to the Vaults.
 31631 | D:13     | Offered knowledge of Ozocubu's Refrigeration by Vehumet.
 32244 | D:14     | Identified the +5 ring mail of Mirth {Str+3 Int+2}
 32731 | D:14     | You fall into a shaft and drop 1 floor!
 32731 | D:15     | Entered Level 15 of the Dungeon
 32748 | D:15     | Reached XP level 15. HP: 127/132 MP: 14/27
 32767 | D:15     | Learned a level 7 spell: Ozocubu's Refrigeration
 32871 | D:15     | Reached skill level 1 in Ice Magic
 33111 | D:15     | Found a staircase to the Depths.
 33479 | D:15     | Reached skill level 5 in Ice Magic
 35458 | Spider:1 | Entered Level 1 of the Spider Nest
 35898 | Spider:1 | Reached skill level 10 in Ice Magic
 36252 | Spider:1 | Identified the +9 dagger of Light {chaos, Dex+2}
 37801 | Spider:2 | Offered knowledge of Yara's Violent Unravelling by Vehumet.
 37997 | Spider:2 | Noticed Donald
 38006 | Spider:2 | Killed Donald
 38386 | Spider:2 | Reached XP level 16. HP: 139/139 MP: 14/29
 39493 | Spider:3 | Reached skill level 13 in Fighting
 39965 | Spider:3 | Noticed Mlioglotl
 40230 | Spider:4 | Entered Level 4 of the Spider Nest
 40238 | Spider:4 | Reached ****** piety under Vehumet
 40306 | Spider:4 | Offered knowledge of Eringya's Noxious Bog by Vehumet.
 40312 | Spider:4 | Reached skill level 14 in Fighting
 40960 | Spider:4 | Noticed Nikola
 40978 | Spider:4 | Killed Nikola
 41261 | Spider:4 | Identified the +0 leather armour of Tenacity {rCorr Dex+5}
 41274 | Spider:4 | Reached skill level 10 in Spellcasting
 41425 | Spider:3 | Noticed a tentacled starspawn
 41425 | Spider:3 | Gained mutation: You are frail. (-10% HP) [a neqoxec]
 41428 | Spider:3 | Killed Mlioglotl
 41566 | Spider:3 | Lost mutation: You are frail. (-10% HP) [potion of
                  | mutation]
 41566 | Spider:3 | Gained mutation: You are vulnerable to heat. (rF-) [potion
                  | of mutation]
 41566 | Spider:3 | Gained mutation: You are resistant to electric shocks.
                  | (rElec) [potion of mutation]
 41567 | Spider:3 | Lost mutation: You are vulnerable to heat. (rF-) [potion of
                  | mutation]
 41567 | Spider:3 | Lost mutation: You are resistant to electric shocks.
                  | (rElec) [potion of mutation]
 41567 | Spider:3 | Gained mutation: You are weak. (Str -2) [potion of
                  | mutation]
 41567 | Spider:3 | Gained mutation: You are vulnerable to heat. (rF-) [potion
                  | of mutation]
 41567 | Spider:3 | Gained mutation: You are strong-willed. (Will+) [potion of
                  | mutation]
 41570 | Spider:3 | Lost mutation: You are strong-willed. (Will+) [potion of
                  | mutation]
 41570 | Spider:3 | Lost mutation: You are weak. (Str -2) [potion of mutation]
 41570 | Spider:3 | Lost mutation: You are vulnerable to heat. (rF-) [potion of
                  | mutation]
 41570 | Spider:3 | Gained mutation: You passively dampen the noise of your
                  | surroundings. [potion of mutation]
 41570 | Spider:3 | Gained mutation: You expend magic power (3 MP) to
                  | strengthen your wands. [potion of mutation]
 41570 | Spider:3 | Gained mutation: You have an increased reservoir of magic.
                  | (+10% MP) [potion of mutation]
 42898 | Spider:3 | Acquired the ring "Dazxel" {MP+9 EV+5 Dex+3 Slay-3 Stlth+}
 43924 | Spider:4 | Reached XP level 17. HP: 152/152 MP: 10/35
 44264 | Spider:4 | Offered knowledge of Spellforged Servitor by Vehumet.
 44432 | Spider:4 | Reached skill level 15 in Ice Magic
 44631 | Spider:4 | Got a gossamer rune of Zot
 44644 | Spider:4 | Identified the +0 pair of gloves of Onyciefu {rElec rF-
                  | Int+3}
 44887 | Shoals:1 | Entered Level 1 of the Shoals
 45066 | Shoals:1 | Noticed Kirke
 45151 | Shoals:1 | Killed Kirke
 45569 | Shoals:1 | Noticed Frances
 45573 | Shoals:1 | Killed Frances
 45677 | Shoals:1 | Reached skill level 15 in Fighting
 45739 | Shoals:1 | Found a sacrificial altar of Ru.
 46382 | Shoals:2 | Reached skill level 10 in Dodging
 47174 | Shoals:2 | Identified the +1 helmet of Pyno Xia {Regen+ rCorr Dex+3}
 47997 | Shoals:3 | Noticed Polyphemus
 48001 | Shoals:3 | Offered knowledge of Chain Lightning by Vehumet.
 48001 | Shoals:3 | Offered knowledge of Ignition by Vehumet.
 48001 | Shoals:3 | Offered knowledge of Maxwell's Capacitive Coupling by
                  | Vehumet.
 48582 | Shoals:3 | Reached skill level 1 in Air Magic
 48744 | Shoals:3 | Killed Polyphemus
 49778 | Shoals:3 | Reached skill level 5 in Air Magic
 50238 | Shoals:4 | Entered Level 4 of the Shoals
 50710 | Shoals:4 | Reached XP level 18. HP: 163/163 MP: 30/36
 51816 | Shoals:4 | Found the +6 lightning scales {swift, rElec}
 51823 | Shoals:4 | Identified the amulet of the Stag {RegenMP rCorr Str+5}
 51826 | Shoals:4 | Got a barnacled rune of Zot
 52079 | Elf:1    | Entered Level 1 of the Elven Halls
 52343 | Elf:1    | Identified the +8 quarterstaff of the Harvest {freeze,
                  | Will- Dex+3}
 52655 | Elf:1    | Reached skill level 10 in Air Magic
 54608 | Elf:2    | Noticed an Ice Fiend
 54751 | Elf:2    | Found Seopsutz's Jewellery Shop.
 54992 | Elf:2    | Gained mutation: Your system is resistant to poisons.
                  | (rPois) [mutagenic glow]
 55324 | Elf:2    | Noticed Norris
 55336 | Elf:2    | Killed Norris
 55537 | Elf:2    | Found a runed translucent gate.
 55537 | Elf:2    | Found a runed translucent gate.
 55537 | Elf:2    | Found a runed translucent gate.
 55586 | Elf:3    | Entered Level 3 of the Elven Halls
 55977 | Elf:3    | Found a shimmering blue altar of Sif Muna.
 56523 | Elf:3    | Reached XP level 19. HP: 170/170 MP: 37/37
 56738 | Elf:3    | Reached skill level 15 in Air Magic
 57342 | Elf:3    | Got the Book of Charms
 57675 | Elf:3    | Identified the +0 long sword "Mibuocek" {freeze, rF+}
 58037 | Vaults:1 | Entered Level 1 of the Vaults
 59279 | Vaults:1 | Noticed Asterion
 59296 | Vaults:1 | Learned a level 8 spell: Maxwell's Capacitive Coupling
 59305 | Vaults:1 | Killed Asterion
 59561 | Vaults:1 | Noticed Zenata
 59569 | Vaults:1 | Killed Zenata
 59801 | Vaults:1 | Found Ankypir's Weapon Emporium.
 61356 | Vaults:2 | Reached skill level 15 in Conjurations
 61360 | Vaults:2 | Reached XP level 20. HP: 148/178 MP: 17/38
 62085 | Vaults:2 | You are sucked into a shaft and drop 2 floors!
 62950 | Vaults:3 | Noticed Xtahua
 62957 | Vaults:3 | Killed Xtahua
 64714 | Vaults:2 | Found a runed translucent gate.
 64714 | Vaults:2 | Found a runed translucent gate.
 64714 | Vaults:2 | Found a runed translucent gate.
 65612 | Vaults:2 | Found a staircase to the Crypt.
 66151 | Vaults:3 | Identified the storm talisman of the Miller {rCorr Dex+2}
 67217 | Vaults:4 | Reached XP level 21. HP: 184/184 MP: 30/39
 68619 | Vaults:4 | Paralysed by a sphinx for 2 turns
 69502 | Depths:1 | Entered Level 1 of the Depths
 69601 | Depths:1 | Found a sacrificial altar of Ru.
 69617 | Depths:1 | Found a magical portal.
 69626 | WizLab   | Entered Borgnjor's Mausoleum
 71250 | Depths:1 | Found Kuhoory's Armour Boutique.
 71252 | Depths:1 | Found Xuastu's Weapon Shop.
 71252 | Depths:1 | Found Cuosiopp's Antique Armour Boutique.
 71256 | Depths:1 | Found Hyhomnea's Armour Shop.
 71324 | Depths:1 | Found a gateway to Hell.
 71348 | Depths:1 | Found the +7 sceptre of Torment {pain, torment}
 71385 | Depths:1 | Found a one-way gate leading to the halls of Pandemonium.
 71977 | Depths:1 | Found a one-way gate to the infinite horrors of the Abyss.
 72116 | Depths:2 | Noticed a golden dragon
 72120 | Depths:2 | Killed a golden dragon
 72906 | Depths:2 | Noticed a golden dragon
 72911 | Depths:2 | Killed a golden dragon
 73127 | Depths:2 | Noticed a caustic shrike
 73132 | Depths:2 | Killed a caustic shrike
 73433 | Depths:2 | Identified the ring of Vanity {Ice Int+6}
 73433 | Depths:2 | Noticed Josephina
 73991 | Depths:2 | You are sucked into a shaft and drop 1 floor!
 73997 | Depths:3 | Reached XP level 22. HP: 192/192 MP: 40/40
 74626 | Depths:3 | Noticed a golden dragon
 74643 | Depths:3 | Killed a golden dragon
 74911 | Depths:3 | Found a snail-covered altar of Cheibriados.
 74946 | Depths:3 | Found a one-way gateway to a ziggurat.
 75865 | Depths:3 | Identified the ring of Attitude {Wiz +Blink Int+3}
 76541 | Depths:2 | Killed Josephina
 77024 | Depths:4 | Entered Level 4 of the Depths
 77041 | Depths:3 | Learned a level 9 spell: Chain Lightning
 78459 | Depths:4 | Noticed a golden dragon
 78489 | Depths:4 | Killed a golden dragon
 78871 | Depths:4 | Noticed a golden dragon
 78875 | Depths:4 | Killed a golden dragon
 79572 | Depths:4 | Noticed a golden dragon
 80226 | Depths:4 | Reached XP level 23. HP: 201/201 MP: 44/44
 80330 | Depths:4 | Identified the +7 mace of the Inferno {venom, rElec rPois}
 80688 | Depths:4 | Found a gate to the Realm of Zot.
 81032 | Vaults:5 | Entered Level 5 of the Vaults
 81035 | Vaults:5 | Reached skill level 16 in Fighting
 81175 | Vaults:5 | Got Gugeq's Compendium of Toxicity
 81218 | Vaults:5 | Noticed a dread lich
 81222 | Vaults:5 | Paralysed by a dread lich for 4 turns
 81227 | Vaults:5 | Killed a dread lich
 81228 | Vaults:5 | Reached skill level 17 in Fighting
 81237 | Vaults:5 | Noticed a dread lich
 81243 | Vaults:5 | Killed a dread lich
 81921 | Vaults:5 | Reached skill level 18 in Fighting
 82035 | Vaults:5 | Gained mutation: You have very sharp teeth. [mutagenic
                  | glow]
 82139 | Vaults:5 | Identified the ring "Ketoxipe" {rF- MP+9 Int+6 Slay+2}
 82264 | Vaults:5 | Reached skill level 19 in Fighting
 82269 | Vaults:5 | Identified the staff of Mastery {^Drain rC+++ rN+ Str-4
                  | Hexes Necro}
 82594 | Vaults:5 | Got a silver rune of Zot
 83035 | Zot:1    | Entered Level 1 of the Realm of Zot
 83642 | Orc:2    | Bought a scroll of revelation for 105 gold pieces
 83642 | Orc:2    | Bought a scroll of blinking for 105 gold pieces
 83642 | Orc:2    | Bought a scroll of fog for 56 gold pieces
 83642 | Orc:2    | Bought a scroll of enchant armour for 105 gold pieces
 83642 | Orc:2    | Bought a scroll of revelation for 105 gold pieces
 83642 | Orc:2    | Bought a scroll of teleportation for 42 gold pieces
 83831 | D:6      | Bought a potion of cancellation for 112 gold pieces
 83831 | D:6      | Bought a potion of invisibility for 112 gold pieces
 83831 | D:6      | Bought 2 potions of haste for 280 gold pieces
 83831 | D:6      | Bought 2 potions of cancellation for 224 gold pieces
 83831 | D:6      | Bought a potion of curing for 42 gold pieces
 83831 | D:6      | Bought a potion of mutation for 112 gold pieces
 84828 | Zot:3    | Identified the +3 buckler "Nojut" {^Contam Int+2 Dex+3}
 85106 | Zot:4    | Noticed an orb of fire
 85113 | Zot:3    | HP: 9/213 [orb of fire/bolt of fire (47)]
 85113 | Zot:3    | Saved by the dreamshard amulet
 85124 | Zot:3    | Killed an orb of fire
 85514 | Depths:4 | Acquired the amulet "Ofanlooh" {RegenMP rC- Will+ Regen+
                  | Stlth+}
 85600 | Zot:3    | Gained mutation: You occasionally lose the ability to drink
                  | potions when taking damage. [mutagenic glow]
 85632 | Zot:3    | Lost mutation: Your system is resistant to poisons. (rPois)
                  | [potion of mutation]
 85632 | Zot:3    | Lost mutation: You passively dampen the noise of your
                  | surroundings. [potion of mutation]
 85632 | Zot:3    | Lost mutation: You expend magic power (3 MP) to strengthen
                  | your wands. [potion of mutation]
 85632 | Zot:3    | Gained mutation: You have sharp toenails. [potion of
                  | mutation]
 85632 | Zot:3    | Lost mutation: You occasionally lose the ability to drink
                  | potions when taking damage. [potion of mutation]
 85632 | Zot:3    | Gained mutation: Your muscles are strong. (Str +4, Int/Dex
                  | -1) [potion of mutation]
 85784 | Zot:5    | Entered Level 5 of the Realm of Zot
 85785 | Zot:5    | Found the +7 captain's cutlass {speed, disarm}
 85813 | Zot:5    | Reached XP level 24. HP: 221/221 MP: 39/44
 85865 | Zot:5    | Gained mutation: You are agile. (Dex +4, Str/Int -1)
                  | [mutagenic glow]
 86898 | Zot:5    | Noticed a dread lich
 86903 | Zot:5    | Killed a dread lich
 86904 | Zot:5    | Reached skill level 20 in Fighting
 86961 | Zot:5    | Noticed an orb of fire
 86968 | Zot:5    | Noticed a Killer Klown
 86981 | Zot:5    | Killed an orb of fire
 86993 | Zot:5    | Killed a Killer Klown
 87009 | Zot:5    | Noticed a dread lich
 87025 | Zot:5    | Killed a dread lich
 87129 | Zot:5    | Noticed a dread lich
 87134 | Zot:5    | Killed a dread lich
 87183 | Zot:5    | Noticed an ancient lich
 87183 | Zot:5    | Noticed a dread lich
 87186 | Zot:5    | Killed a dread lich
 87186 | Zot:5    | Killed an ancient lich
 87187 | Zot:5    | Reached skill level 21 in Fighting
 87187 | Zot:5    | Noticed a Killer Klown
 87191 | Zot:5    | Killed a Killer Klown
 87256 | Zot:5    | Learned a level 3 spell: Swiftness
 87482 | Zot:5    | Reached skill level 22 in Fighting
 87497 | Zot:5    | Noticed a Killer Klown
 87503 | Zot:5    | Noticed an ancient lich
 87504 | Zot:5    | Killed a Killer Klown
 87509 | Zot:5    | Killed an ancient lich
 87591 | Zot:5    | Noticed a dread lich
 87595 | Zot:5    | Killed a dread lich
 87874 | Zot:5    | Noticed an orb of fire
 87879 | Zot:5    | Killed an orb of fire
 88234 | Zot:5    | Got the Orb of Zot
 88268 | Zot:5    | Reached skill level 23 in Fighting
 88562 | Depths:2 | Reached XP level 25. HP: 212/243 MP: 11/44
 88941 | D:$      | Escaped with the Orb!

Illustrated notes

Levels and vault maps discovered:
D:1:      elethiomel_arrival_shortcut, layout_rooms, serial_shops, shop,
          minmay_heptomino_w4
D:2:      layout_rooms, minmay_crystal_water, feat_on_display
D:3:      layout_loops_ring, grunt_temple_overflow_open,
          gammafunk_ghost_stat_death, uniq_natasha
D:4:      layout_basic, hellmonk_overflow_destroyed_library,
          minmay_ruined_shrine
D:5:      layout_cave_pods, tso_metal_star,
          chequers_temple_overflow_statue_of_worship
D:6:      minmay_chambers_of_fours, layout_rooms, serial_shops, shop,
          gup_sewer_entry_pipe, amcnicky_mini_rare_corridor_liquid,
          minmay_shop_enchanted_jewellery, kennysheep_generic_room_7,
          uniq_grinder, uniq_prince_ribbit1, uniq_eustachio
D:7:      layout_loops_cross, minmay_temple_entry_drinking_statues,
          uniq_menkaure
D:8:      minmay_spotlight, layout_cave_pools, minivault_10
D:9:      layout_gridville, serial_co_window_serial, co_window_paths_a,
          co_window_paths_b, co_window_corner_a, co_window_corner_a,
          co_window_paths_b, co_window_cross_1, co_window_cross_1,
          co_window_unsneaky_path_c, co_window_corner_cb, co_window_broadway_c,
          co_window_unsneaky_path_d, glass_columns_a, glass_columns_b,
          glass_columns_a
D:10:     layout_long_grid, hellmonk_lair_entry_icy, david_orc_2,
          lightli_church_of_beogh
D:11:     minmay_recursive_quarters, layout_loops_ring
D:12:     wad_river_or_something, layout_basic, serial_rivers,
          chequers_serial_rivers_small_a, chequers_serial_rivers_micro_d,
          chequers_serial_rivers_micro_c, chequers_serial_rivers_micro_b,
          hex_medium, kennysheep_generic_room_9
D:13:     layout_loops_ring, david_vaults_1
D:14:     layout_stronghold
D:15:     hangedman_depths_entry_civil_slaughter, layout_loops_ring,
          nicolae_titane
Lair:1:   layout_layer_cave
Lair:2:   layout_roguey, minmay_shoals_entry_beasts, spider_nest_entry_webs,
          minmay_hedge_maze, minivault_11
Lair:3:   layout_chaotic_city, kennysheep_snail_temple, lemuel_fruit_tree,
          grunt_megastairs_4
Lair:4:   layout_long_grid, nicolae_quartered_pool_little,
          hangedman_lair_generics_rect, grunt_megastairs_5
Lair:5:   gammafunk_lair_ancient_temple, layout_gridlike,
          minmay_slime_entry_jelly_boxes
Shoals:1: layout_shoals, portal_ice_cave_entry_ice_statue_two,
          lemuel_altar_in_water, uniq_frances, uniq_kirke
Shoals:2: layout_shoals, nicolae_shoals_goliath_grotto
Shoals:3: layout_shoals, nicolae_shoals_arrival_archipelago, uniq_polyphemus
Shoals:4: shoals_end_hellmonk_storm_palace [storm_palace_center_square,
          storm_palace_corner_grid, storm_palace_corner_grid,
          storm_palace_corner_blocked, storm_palace_corner_pillars]
Spider:1: layout_spider_delve
Spider:2: layout_spider_delve, uniq_donald
Spider:3: layout_spider_delve, uniq_mlioglotl
Spider:4: grunt_spider_rune_parallel, uniq_nikola
Orc:1:    layout_caves
Orc:2:    hellmonk_orc_salted, layout_diamond_mine, special_room,
          blackcustard_rock_pile
Elf:1:    eino_elf_arrival_customs, layout_loops_cross,
          hangedman_elven_crosses_minicolossus, st_stairs_14
Elf:2:    nicolae_elf_blades_crystal_corner, layout_geoelf_grid, serial_shops,
          shop, corexii_hall_statues_i, uniq_norris
Elf:3:    minmay_elf_hall_statues, layout_geoelf_diagonals, abandoned_shop,
          hellmonk_sif_muna_bookshelves
Vaults:1: nicolae_vaults_trapezoid_1, v_alt_pattern_3,
          nicolae_vaults_taking_the_gang_shopping,
          nicolae_vaults_ring_of_whatevers, v_misc_22, layout_vaults_omnigrid,
          uniq_asterion, uniq_zenata
Vaults:2: vaults_room_semicircle, v_rooms_5, nicolae_vaults_sesquioval_fish,
          v_alt_pattern_6, grunt_vaults_funnel, abrahamwl_protected_by_tso_1,
          hangedman_vaults_stitches, minmay_crypt_entry_vampire_xt,
          nicolae_vaults_closet_pinwheel_2, ontoclasm_vaults_loading_screen,
          ontoclasm_vaults_fault, hangedman_vaults_corner_blocks,
          layout_vaults_maze
Vaults:3: nicolae_vaults_cochlea, nicolae_vaults_inception_corners,
          nicolae_vaults_storage_room_water, vaults_room_door_hall,
          nicolae_vaults_storage_closets_1, nicolae_vaults_trapezoid_4,
          nicolae_vaults_weapon_check, nicolae_vaults_layer_cake_slice,
          layout_vaults_big_room, uniq_xtahua
Vaults:4: nicolae_vaults_stairing_the_circle, nicolae_vaults_prndl,
          ontoclasm_vaults_eye, vaults_mumra_hexcomb, hangedman_vaults_nodes,
          nicolae_vaults_heist, v_alt_pattern_1, grunt_vaults_hallway_long,
          nicolae_vaults_surprise_closet, nicolae_vaults_enemy_cabinets,
          ontoclasm_vaults_decontamination, nicolae_vaults_diamond_1,
          layout_vaults_ring, serial_shops, bzr_entry_islet
Vaults:5: serial_shops
Depths:1: layout_roguey, abyss_entry_small_statue_room, pan_entry,
          mu_enter_wizlab_4, hangedman_geh_valley, minmay_fountain_box,
          nicolae_ru_awakened_eye, minmay_shoptagon
Depths:2: thingy_vault, layout_basic, hell_entry, serial_bayou_pond_e,
          grunt_pan_entry_spiral, nicolae_figureground_sparkle,
          minmay_staircase_windowed_small, uniq_josephina
Depths:3: evilmike_hourglass, layout_cave_pools, enter_ziggurat_b,
          minmay_room_of_horrors, serial_column_ruins, column_ruins_hut_pillars,
          column_ruins_columns_plus, column_ruins_open_medium_water,
          column_ruins_columns_straight, column_ruins_open_medium,
          column_ruins_grid_3, hell_entry, cheibriados_altar_1,
          reverse_door_vault
Depths:4: lemuel_castle_with_subvaults [lemuel_castle_interior_carwin_2],
          layout_cave_pools, hell_entry, nicolae_twisty_statue_hallways,
          chequers_serial_rivers_small_3
Zot:1:    dreamdust_zin_vs_xom, layout_onion, grunt_megastairs_1
Zot:2:    layout_misc_corridors
Zot:3:    layout_cathedral_of_symmetry, bh_zot_levy_curve, zot_minivault_1,
          uniq_parghit
Zot:4:    layout_cathedral_of_symmetry, regret_index_zotdec_banners
Zot:5:    layout_basic

Skill      XL: |  1  2  3  4  5  6  7  8  9 10 11 12 13 14 15 16 17 18 19 20 21 22 23 24 |
---------------+-------------------------------------------------------------------------+-----
Conjurations   | 5 6 7 8 9 10 11 12 15 17 19 20 21 | 21.7
Spellcasting   | 3 4 5 6 7 8 9 11 13 | 13.0
Alchemy        | 3 4 5 6 7 8 10 | 10.0
Fighting       | 3 4 7 10 12 14 15 19 23 | 23.4
Translocations | 3 5 |  5.6
Shields        | 3 4 7 8 9 10 11 12 | 12.0
Dodging        | 3 4 5 7 8 10 | 10.0
Evocations     | 2 3 4 |  4.0
Fire Magic     | 4 7 |  7.0
Stealth        | 5 6 8 |  8.0
Ice Magic      | 13 14 15 | 15.0
Air Magic      | 6 14 16 18 19 20 21 | 21.7

Action                     |  1- 3 |  4- 6 |  7- 9 | 10-12 | 13-15 | 16-18 | 19-21 | 22-24 | 25-27 || total
---------------------------+-------+-------+-------+-------+-------+-------+-------+-------+-------++-------
  Melee: Dagger            |     2 |       |       |       |       |     8 |       |       |       ||    10
         Staff             |     3 |       |    22 |    13 |    27 |    28 |     1 |     2 |       ||    96
         Tailslap          |     1 |       |     4 |     3 |     2 |     6 |       |       |       ||    16
  Throw: Dart              |       |       |     3 |       |       |     1 |       |       |       ||     4
   Cast: Magic Dart        |    65 |    77 |   137 |   119 |   117 |     8 |     8 |       |       ||   531
         Searing Ray       |     3 |    18 |    52 |    41 |    23 |     7 |       |       |       ||   144
         Fulminant Prism   |       |     1 |    22 |    35 |    78 |     7 |       |       |       ||   143
         Iskenderun's Myst |       |       |     1 |    42 |    72 |    15 |     2 |       |       ||   132
         Olgreb's Toxic Ra |       |       |       |    87 |   208 |    68 |    28 |     1 |       ||   392
         Ignite Poison     |       |       |       |    68 |   191 |    49 |    29 |       |       ||   337
         Starburst         |       |       |       |       |     6 |       |       |       |       ||     6
         Irradiate         |       |       |       |       |    43 |    61 |    27 |    25 |       ||   156
         Ozocubu's Refrige |       |       |       |       |     5 |   385 |   438 |   114 |       ||   942
         Maxwell's Capacit |       |       |       |       |       |       |    92 |   141 |     3 ||   236
         Chain Lightning   |       |       |       |       |       |       |       |   195 |       ||   195
  Evoke: Wand              |       |       |       |     6 |    17 |    39 |    20 |     8 |       ||    90
         Condenser vane    |       |       |       |       |       |     1 |       |       |       ||     1
    Use: Scroll            |       |     3 |     9 |    11 |    11 |    11 |     5 |    18 |     1 ||    69
         Potion            |       |       |     1 |       |     3 |    17 |     3 |    23 |       ||    47
   Stab: Paralysed         |       |       |       |     5 |       |     4 |       |       |       ||     9
         Distracted        |       |       |       |       |       |       |       |     1 |       ||     1
 Armour: Skin              |     5 |    17 |   100 |    81 |   189 |   303 |   121 |   277 |     5 ||  1098
  Dodge: Dodged            |     5 |    17 |    92 |    54 |   209 |   388 |   213 |   258 |     1 ||  1237
         Repelled          |       |       |       |       |       |     9 |     2 |    22 |       ||    33
  Block: Buckler           |       |       |     2 |    10 |       |       |       |    27 |     1 ||    40
         Kite shield       |       |       |       |    32 |   186 |   260 |   201 |   132 |       ||   811
         Reflection        |       |       |       |       |       |    11 |    15 |     4 |       ||    30
